 Dungeon Crawl Stone Soup version 0.25-a0-785-gb22c70e859 (webtiles) character file.

Game seed: 5970610231927304462, levelgen mode: deterministic

192887 KiliKikkendorf the Hoplite (level 18, -1/161 HPs)
             Began as a Hill Orc Fighter on Apr 15, 2020.
             Was the Champion of Qazlal.
             Slain by a slime creature (4 damage)
             ... on level 1 of the Pits of Slime on Apr 17, 2020.
             The game lasted 03:02:10 (37560 turns).

KiliKikkendorf the Hoplite (Hill Orc Fighter)      Turns: 37560, Time: 03:02:11

Health: -1/161     AC: 17    Str: 27    XL:     18   Next: 25%
Magic:  17/17      EV: 11    Int:  6    God:    Qazlal [******]
Gold:   1662       SH: 34    Dex: 10    Spells: 17/17 levels left

rFire    . . .     SeeInvis .   O - +5 war axe (vamp)
rCold    + . .     Gourm    +   B - +1 tower shield {AC+3}
rNeg     . . .     Faith    .   S - +0 acid dragon scales
rPois    .         Spirit   .   (no helmet)
rElec    .         Reflect  .   F - +2 cloak {MR+}
rCorr    +         Harm     .   y - +0 pair of gloves
MR       ++...                  i - +0 pair of boots
Stlth    +.........             C - amulet of the gourmand
HPRegen  0.36/turn              P - ring of resist corrosion
MPRegen  0.15/turn              c - ring of protection from cold

@: protected from physical damage, corroded, repel missiles
A: dopey 1, low mp 1, mutation resistance 1, screaming 1
}: 1/15 runes: gossamer
a: Upheaval, Elemental Force, Disaster Area, Renounce Religion


You were on level 1 of the Pits of Slime.
You worshipped Qazlal.
Qazlal was exalted by your worship.
You were hungry.

You visited 8 branches of the dungeon, and saw 34 of its levels.
You also visited: Sewer.

You collected 2666 gold pieces.
You spent 1004 gold pieces at shops.

Inventory:

Hand Weapons
 G - a +0 flail of holy wrath
 H - a +0 battleaxe of freezing
 O - a +5 vampiric war axe (weapon)
Missiles
 l - 53 boomerangs (quivered)
Armour
 i - a +0 pair of boots (worn)
 y - a +0 pair of gloves (worn)
 B - a +1 tower shield of protection (worn)
 F - a +2 cloak of magic resistance (worn)
 N - the +5 scale mail of Patience {+Fly rN+}
   (You found it on level 11 of the Dungeon)

   It protects you from negative energy.
   It lets you fly.
 S - +0 acid dragon scales (worn)
 X - a scarf of resistance
 Z - a +4 plate armour
Jewellery
 b - an uncursed ring of see invisible
 c - a ring of protection from cold (right hand)
 t - an uncursed ring of protection from magic
 v - an uncursed ring of flight
 w - an uncursed ring of poison resistance
 C - an amulet of the gourmand (around neck)
 P - a ring of resist corrosion (left hand)
 U - a +3 ring of strength
 Y - an uncursed amulet of regeneration
Wands
 p - a wand of flame (22)
 r - a wand of polymorph (18)
 s - a wand of enslavement (19)
 E - a wand of scattershot (7)
 K - a wand of digging (6)
 L - a wand of paralysis (39)
 T - a wand of disintegration (19)
Scrolls
 a - 4 scrolls of identify
 g - 10 scrolls of remove curse
 h - 4 scrolls of fog
 j - 5 scrolls of magic mapping
 k - 8 scrolls of teleportation
 n - 3 scrolls of fear
 q - 5 scrolls of enchant weapon
 u - a scroll of torment
 A - a scroll of brand weapon
 I - 3 scrolls of blinking
 Q - 3 scrolls of amnesia
Potions
 d - 4 potions of might
 e - 10 potions of curing
 m - 6 potions of brilliance
 x - a potion of lignification
 z - 2 potions of stabbing
 D - a potion of flight
 J - 2 potions of cancellation
 M - 5 potions of mutation
 V - 3 potions of haste
 W - 3 potions of ambrosia
Miscellaneous
 R - a box of beasts
Comestibles
 f - 47 rations


   Skills:
 + Level 14.6 Fighting
 * Level 18.7(18.9) Axes
 + Level 4.8(11.8) Maces & Flails
 - Level 1.6 Throwing
 + Level 11.0 Armour
 - Level 1.9 Dodging
 - Level 2.0 Stealth
 + Level 23.2 Shields
 + Level 0.7 Invocations
 + Level 1.8 Evocations


You had 17 spell levels left.
You didn't know any spells.
Your spell library contained the following spells:

 Spells                   Type           Power        Failure   Level  Hunger
 Corona                   Hex            #......      58%         1    ##.....
 Infusion                 Chrm           #...         58%         1    ##.....
 Magic Dart               Conj           #...         58%         1    ##.....
 Sandblast                Erth           #.....       58%         1    ##.....
 Sting                    Tmut/Pois      #...         58%         1    ##.....
 Blink                    Tloc           N/A          73%         2    ###....
 Call Imp                 Summ           #.......     73%         2    ###....
 Ensorcelled Hibernation  Hex/Ice        #.....       73%         2    ###....
 Passwall                 Tmut/Erth      #.......     73%         2    ###....
 Poisonous Vapours        Pois/Air       #.....       73%         2    ###....
 Searing Ray              Conj           #.....       73%         2    ###....
 Shroud of Golubria       Chrm/Tloc      #.....       73%         2    ###....
 Slow                     Hex            #.......     73%         2    ###....
 Song of Slaying          Chrm           #.......     73%         2    ###....
 Confusing Touch          Hex            #.......     91%         3    ####...
 Conjure Flame            Conj/Fire      #.......     91%         3    ####...
 Dazzling Flash           Conj/Hex       #.....       91%         3    ####...
 Ignite Poison            Fire/Tmut/Pois #.......     91%         3    ####...
 Mephitic Cloud           Conj/Pois/Air  #.......     91%         3    ####...
 Ozocubu's Armour         Chrm/Ice       #.......     91%         3    ####...
 Spectral Weapon          Hex/Chrm       #.......     91%         3    ####...
 Stone Arrow              Conj/Erth      #.....       91%         3    ####...
 Tukima's Dance           Hex            #.......     91%         3    ####...
 Fulminant Prism          Conj/Hex       #.........   100%        4    #####..
 Iskenderun's Mystic Bla  Conj/Tloc      #.......     100%        4    #####..
 Olgreb's Toxic Radiance  Pois           #.......     100%        4    #####..
 Petrify                  Tmut/Erth      #.......     100%        4    #####..
 Summon Lightning Spire   Summ/Air       #.......     100%        4    #####..
 Lee's Rapid Deconstruct  Erth           #.........   100%        5    ######.
 Silence                  Hex/Air        #.........   100%        5    ######.
 Conjure Ball Lightning   Conj/Air       #.........   100%        6    #######
 Deflect Missiles         Chrm/Air       #.........   100%        6    #######
 Tornado                  Air            #.........   100%        9    #######


Dungeon Overview and Level Annotations

Branches:
Dungeon (15/15)            Temple (1/1) D:6            Lair (6/6) D:9
 Shoals (0/4) Lair:2       Spider (4/4) Lair:3        Slime (4/5) Lair:6
    Orc (2/2) D:11            Elf (1/3) Orc:2        Vaults (0/5) D:13
 Depths (1/5) D:15          Sewer (visited)

Altars:
Ashenzari
Cheibriados
Dithmenos
Elyvilon
Fedhas
Gozag
Hepliaklqana
Kikubaaqudgha
Makhleb
Nemelex Xobeh
Okawaru
Qazlal
Ru
Sif Muna
Trog
Uskayaw
Vehumet
Wu Jian
Xom
Yredelemnul
Zin
The Shining One
Beogh

Shops:
D:4 ?   Orc:1 [   Orc:2 =?([:

Portals:
Abyss: Orc:2

Annotations:
D:15 exclusion: obsidian statue, Roxanne
Lair:2 exclusion: oklob plant
Lair:3 exclusion: oklob plant
Orc:2 2 transporters, mox's ghost, journeyman NaIE


Innate Abilities, Weirdness & Mutations

You are dopey. (Int -2)
Your magical capacity is low. (-10% MP)
You are somewhat resistant to further mutation.
You occasionally shout uncontrollably at your foes.


Message History

* * * LOW HITPOINT WARNING * * *
The slime creature hits you but does no damage.
You block the slime creature's attack.
You feel better. You block the slime creature's attack.
A slime creature comes into view.
The acid blob spits acid at you. The splash of acid hits you. You resist.
* * * LOW HITPOINT WARNING * * *
The acid corrodes you!
You are splashed with acid.
You resist.
* * * LOW HITPOINT WARNING * * *
The slime creature is engulfed in blazing flames.
You kill the slime creature!
Qazlal accepts your kill. You block the slime creature's attack.
The large slime creature is engulfed in freezing vapours.
You block the large slime creature's attack.
Two slime creatures merge to form a very large slime creature.
The slime creature hits you but does no damage.
The slime creature hits you.
You die...

##..J......
##..J.......
#...J.J.....
#......#....
#...........
#...§.......
#°JJJ..J...
#☼J@○......
#○J°J....#.
#..§.°......
##..........
#....#.....
.....##....
##...## ###.
#...#


You could see 2 acid blobs, a very large slime creature and 8 slime creatures.

Vanquished Creatures
  Mara (Spider:3)
  Arachne (Spider:1)
  Jorgrun (Orc:1)
  An acid blob (Slime:1)
  Agnes (Spider:4)
  Kirke (D:15)
  3 azure jellies
  4 ghost moths
  6 emperor scorpions
  A stone giant (Orc:2)
  4 entropy weavers
  Azrael (Orc:1)
  2 ettins
  Josephine (D:10)
  A death ooze (Slime:1)
  2 great orbs of eyes (Slime:1)
  8 hydras
  2 vault guards (D:13)
  2 centaur warriors (D:13)
  A catoblepas (Lair:6)
  A dancing weapon (Elf:1)
  9 two-headed ogres
  7 death yaks (Lair:6)
  4 orc high priests
  A vampire mage (D:14)
  A deep elf knight (Elf:1)
  Sonja (Lair:1)
  A skeletal warrior (D:14)
  A golden dragon zombie (D:15)
  5 unseen horrors
  A necromancer (D:14)
  2 orc sorcerers (Orc:1)
  An iron dragon zombie (D:15)
  13 orb spiders
  3 orc knights (Orc:1)
  4 cyclopes
  14 ugly things
  27 wolf spiders
  11 deep elf magi
  2 shining eyes
  2 centaur zombies
  Maurice (D:8)
  6 elephants (Lair:5)
  A merfolk siren (Lair:2)
  Joseph (D:8)
  A moth of wrath (Spider:4)
  A black mamba (Lair:4)
  An elf zombie (D:15)
  5 torpor snails
  Psyche (D:8)
  2 gargoyles (D:14)
  A spriggan zombie (D:15)
  An eye of devastation (Slime:4)
  2 kobold demonologists (D:13)
  13 spiny frogs
  2 rime drakes
  14 demonic crawlers
  A guardian mummy (D:15)
  10 komodo dragons
  27 jumping spiders
  7 trolls
  Grinder (D:5)
  14 hornets
  5 polar bears (Lair:6)
  9 dream sheep
  21 slime creatures
  9 hippogriffs
  A water elemental (Elf:1)
  16 spriggans
  36 tarantellas
  5 wraiths
  56 redbacks
  3 wyverns
  A shadow (D:9)
  3 fire elementals (Orc:1)
  2 hogs (D:15)
  51 yaks
  2 basilisks
  11 humans
  A golden eye (Slime:2)
  3 acid dragons
  2 wargs (Orc:1)
  9 water moccasins
  4 hell hounds (Orc:1)
  Duvessa (D:5)
  28 orc warriors
  13 porcupines
  4 ice beasts
  3 phantoms
  A black bear (shapeshifter) (D:13)
  3 sky beasts
  3 black bears
  12 ogres
  2 eyes of draining
  4 boggarts (Lair:6)
  12 centaurs
  21 wolves
  10 crocodiles
  6 big kobolds
  11 bullfrogs
  Dowan (D:5)
  4 scorpions
  2 wyvern skeletons
  4 killer bees (D:10)
  5 howler monkeys
  4 wights
  3 electric eels
  7 crimson imps
  A bullfrog zombie (D:11)
  31 jellies
  28 orc priests
  6 hounds
  3 bullfrog skeletons
  10 centaur skeletons
  31 orc wizards
  An iguana (D:13)
  11 worker ants
  A hound zombie (D:9)
  A worker ant zombie (D:10)
  8 adders
  7 gnolls
  3 river rats
  4 shadow imps
  5 oozes
  An adder zombie (D:9)
  3 adder skeletons
  5 worms
  4 dart slugs
  7 leopard geckos
  76 orcs
  3 ball pythons (Sewer)
  12 giant cockroaches
  2 gnoll zombies (D:3)
  9 goblins
  7 hobgoblins
  11 jackals
  2 quokkas
  8 bats
  12 frilled lizards
  A jackal skeleton (D:5)
  29 kobolds
  12 rats
  5 fungi
  2 plants (Lair:6)
1044 creatures vanquished.

Vanquished Creatures (collateral kills)
  A slime creature (Slime:4)
1 creature vanquished.

Vanquished Creatures (others)
  An unseen horror (D:15)
  An orb spider (Spider:1)
  A demonic crawler (Spider:4)
  A jumping spider (Spider:1)
  A water elemental (Elf:1)
  2 orc priests (Orc:2)
  2 orc wizards (Orc:2)
  An orc (Orc:2)
  3 fungi
  18 plants
31 creatures vanquished.

Grand Total: 1076 creatures vanquished

Notes
Turn   | Place    | Note
-------+----------+-------------------------------------------
     0 | D:1      | KiliKikkendorf the Hill Orc Fighter began the quest for the
                  | Orb.
     0 | D:1      | Reached XP level 1. HP: 19/19 MP: 1/1
    42 | D:1      | Reached XP level 2. HP: 27/27 MP: 2/2
   146 | D:1      | Reached XP level 3. HP: 33/33 MP: 3/3
   658 | D:2      | Reached XP level 4. HP: 30/40 MP: 4/4
   668 | D:2      | Found a burning altar of Makhleb.
  1309 | D:3      | Reached XP level 5. HP: 46/46 MP: 5/5
  1355 | D:3      | Found an iron altar of Okawaru.
  1466 | D:3      | Reached skill level 4 in Shields
  1470 | D:3      | Found a glowing drain.
  1474 | Sewer    | Entered a sewer
  1592 | Sewer    | Noticed a big kobold
  1604 | Sewer    | Killed a big kobold
  1604 | Sewer    | Reached skill level 5 in Axes
  1644 | Sewer    | Reached XP level 6. HP: 52/52 MP: 6/6
  1832 | Sewer    | Reached skill level 5 in Armour
  2216 | Sewer    | Reached skill level 1 in Dodging
  2216 | Sewer    | Reached XP level 7. HP: 44/60 MP: 7/7
  2601 | D:3      | Found a basalt altar of Yredelemnul.
  2755 | D:3      | Found a glowing golden altar of the Shining One.
  2924 | D:4      | Found Xoruun's Magic Scroll Boutique.
  2929 | D:4      | Reached skill level 5 in Fighting
  2935 | D:4      | Bought a scroll of enchant weapon for 90 gold pieces
  2935 | D:4      | Bought a scroll of magic mapping for 42 gold pieces
  3356 | D:4      | Found a sparkling altar of Nemelex Xobeh.
  3471 | D:4      | Found a white marble altar of Elyvilon.
  3541 | D:4      | Reached skill level 1 in Throwing
  3923 | D:5      | Entered Level 5 of the Dungeon
  3932 | D:5      | Reached XP level 8. HP: 64/68 MP: 8/8
  4248 | D:5      | Reached skill level 1 in Maces & Flails
  4351 | D:5      | Found a shadowy altar of Dithmenos.
  4551 | D:5      | Noticed a +0 dagger
  4552 | D:5      | Noticed a +0 dagger
  4554 | D:5      | Found a hide-covered altar of Uskayaw.
  4654 | D:5      | Found a shattered altar of Ashenzari.
  4664 | D:5      | Noticed Duvessa
  4664 | D:5      | Noticed Dowan
  4724 | D:5      | Killed Duvessa
  4724 | D:5      | Reached skill level 5 in Shields
  4733 | D:5      | Killed Dowan
  4767 | D:5      | Found a bloodstained altar of Trog.
  4767 | D:5      | Noticed Grinder
  4783 | D:5      | Killed Grinder
  5222 | D:6      | Found a sacrificial altar of Ru.
  5240 | D:6      | Found a staircase to the Ecumenical Temple.
  5261 | Temple   | Entered the Ecumenical Temple
  5383 | Temple   | Became a worshipper of Qazlal Stormbringer
  5520 | D:6      | Reached XP level 9. HP: 65/75 MP: 9/9
  5850 | D:6      | Reached skill level 10 in Axes
  6139 | D:6      | Found a blossoming altar of Fedhas.
  6412 | D:6      | Found a sparkling altar of Nemelex Xobeh.
  6546 | D:7      | Found a shimmering altar of Xom.
  6622 | D:7      | Found a shimmering altar of Xom.
  6624 | D:7      | Found a shimmering altar of Xom.
  6633 | D:7      | Found a shimmering altar of Xom.
  6906 | D:7      | Reached * piety under Qazlal
  6906 | D:7      | Reached skill level 6 in Shields
  6911 | D:7      | Found a shimmering blue altar of Sif Muna.
  7307 | D:8      | Noticed Joseph
  7320 | D:8      | Killed Joseph
  7376 | D:8      | Noticed Maurice
  7387 | D:8      | Killed Maurice
  7387 | D:8      | Reached skill level 7 in Shields
  7387 | D:8      | Reached XP level 10. HP: 81/84 MP: 10/10
  7693 | D:8      | Noticed Psyche
  7709 | D:8      | Killed Psyche
  7709 | D:8      | Reached skill level 8 in Shields
  8060 | D:9      | Noticed a two-headed ogre
  8064 | D:9      | Reached ** piety under Qazlal
  8378 | D:8      | Killed a two-headed ogre
  8526 | D:9      | Reached skill level 9 in Shields
  8950 | D:9      | Found a snail-covered altar of Cheibriados.
  9056 | D:9      | Found a staircase to the Lair.
  9056 | D:9      | Found an opulent altar of Gozag.
  9110 | D:9      | Reached XP level 11. HP: 73/93 MP: 11/11
  9296 | D:10     | Entered Level 10 of the Dungeon
  9409 | D:10     | Reached skill level 10 in Shields
  9923 | D:10     | Reached *** piety under Qazlal
 10274 | D:11     | Got a garnet-encrusted scale mail
 10275 | D:11     | Identified the +5 scale mail of Patience {+Fly rN+} (You
                  | found it on level 11 of the Dungeon)
 10334 | D:11     | Noticed a cyclops
 10392 | D:11     | Killed a cyclops
 10528 | D:11     | Noticed Josephine
 11346 | D:10     | Killed Josephine
 11346 | D:10     | Reached skill level 11 in Shields
 11547 | D:11     | You fall into a shaft and drop 1 floor!
 11594 | D:12     | Noticed a two-headed ogre
 11603 | D:12     | Killed a two-headed ogre
 11603 | D:12     | Reached skill level 1 in Stealth
 11768 | D:12     | Noticed a two-headed ogre
 11803 | D:12     | Killed a two-headed ogre
 12024 | D:12     | Found a shimmering blue altar of Sif Muna.
 12099 | D:11     | Found a staircase to the Orcish Mines.
 12692 | Lair:1   | Entered Level 1 of the Lair of Beasts
 12707 | Lair:1   | Reached skill level 12 in Shields
 12707 | Lair:1   | Reached XP level 12. HP: 103/103 MP: 12/12
 12974 | Lair:1   | Noticed a five-headed hydra
 12986 | Lair:1   | Killed a five-headed hydra
 12986 | Lair:1   | Reached **** piety under Qazlal
 14022 | Lair:2   | Noticed Sonja
 14242 | Lair:1   | Reached skill level 13 in Shields
 14262 | Lair:1   | Killed Sonja
 14346 | Lair:2   | Found a staircase to the Shoals.
 15627 | Lair:3   | Found a hole to the Spider Nest.
 15640 | Lair:3   | Reached skill level 15 in Axes
 15992 | Lair:4   | Reached ***** piety under Qazlal
 16036 | Lair:4   | Noticed a five-headed hydra
 16048 | Lair:4   | Killed a five-headed hydra
 16048 | Lair:4   | Reached skill level 14 in Shields
 16160 | Lair:4   | Reached skill level 10 in Fighting
 16176 | Lair:4   | Reached XP level 13. HP: 109/113 MP: 13/13
 16369 | Lair:4   | Reached skill level 1 in Evocations
 17036 | Lair:5   | Reached skill level 15 in Shields
 17774 | Lair:6   | Entered Level 6 of the Lair of Beasts
 18593 | Lair:6   | Reached skill level 16 in Shields
 18608 | Lair:6   | Reached ****** piety under Qazlal
 18622 | Lair:6   | Reached XP level 14. HP: 124/124 MP: 15/15
 18777 | Lair:6   | Found a staircase to the Slime Pits.
 19611 | Lair:6   | Reached skill level 17 in Shields
 21867 | D:13     | Identified the cursed +0 great mace of Conflict {venom,
                  | +Inv MR+ Dex-4}
 22119 | D:13     | Found a gate to the Vaults.
 22220 | D:14     | Reached XP level 15. HP: 133/133 MP: 16/16
 22226 | D:14     | Reached skill level 18 in Shields
 23003 | D:15     | Entered Level 15 of the Dungeon
 23990 | D:15     | Found a staircase to the Depths.
 24238 | D:15     | Reached skill level 19 in Shields
 24626 | D:15     | Noticed Kirke
 24646 | D:15     | Killed Kirke
 24834 | D:15     | Noticed Roxanne
 25094 | D:15     | Gained mutation: Your spells are a little harder to cast,
                  | but a little more powerful. [potion of mutation]
 25094 | D:15     | Gained mutation: You are somewhat resistant to further
                  | mutation. [potion of mutation]
 25124 | Depths:1 | Entered Level 1 of the Depths
 25127 | D:15     | Upgraded the game from 0.25-a0-781-gc44aebf4fe to
                  | 0.25-a0-785-gb22c70e859
 25764 | Orc:1    | Entered Level 1 of the Orcish Mines
 25789 | Orc:1    | Noticed Jorgrun
 25828 | Orc:1    | Killed Jorgrun
 25899 | Orc:1    | Found Pobuji's Antique Armour Shoppe.
 26019 | Orc:2    | Entered Level 2 of the Orcish Mines
 26511 | Orc:2    | Noticed Azrael
 26679 | Orc:1    | Reached XP level 16. HP: 116/143 MP: 17/17
 26793 | Orc:1    | Reached skill level 10 in Armour
 27424 | Orc:1    | Killed Azrael
 28001 | Orc:1    | Reached skill level 20 in Shields
 28272 | Orc:2    | Found a staircase to the Elven Halls.
 28476 | Orc:2    | Found Roxt's Jewellery Shop.
 28484 | Orc:2    | Bought an uncursed ring of poison resistance for 340 gold
                  | pieces
 28601 | Orc:2    | Identified the cursed +1 dire flail "Ciciclot" {distort,
                  | Str+5}
 28620 | Orc:2    | Noticed mox's ghost (journeyman NaIE)
 28626 | Orc:2    | Found a transporter.
 28628 | Orc:2    | Found a one-way gate to the infinite horrors of the Abyss.
 28637 | Orc:2    | Found a transporter.
 28823 | Orc:2    | Found Asistrume's Book Shoppe.
 28823 | Orc:2    | Found Cutwush's Weapon Emporium.
 28824 | Orc:2    | Found Foogh's Magic Scroll Emporium.
 28827 | Orc:2    | Found Beugg's Antique Armour Shoppe.
 28832 | Orc:2    | Bought a scroll of enchant armour for 105 gold pieces
 28832 | Orc:2    | Bought a scroll of brand weapon for 280 gold pieces
 28832 | Orc:2    | Bought a scroll of teleportation for 42 gold pieces
 28832 | Orc:2    | Bought a scroll of enchant armour for 105 gold pieces
 29442 | Orc:1    | Found a roughly hewn altar of Beogh.
 29664 | Elf:1    | Entered Level 1 of the Elven Halls
 31133 | Spider:1 | Entered Level 1 of the Spider Nest
 31603 | Spider:2 | Noticed Arachne
 31643 | Spider:1 | Killed Arachne
 31643 | Spider:1 | Reached skill level 21 in Shields
 32618 | Spider:2 | Got a blackened cloak
 32619 | Spider:2 | Identified the cursed +0 cloak of Sin {rF- rC+ rN++ Dex+3}
                  | (You found it on level 2 of the Spider Nest)
 33430 | Spider:3 | Reached XP level 17. HP: 151/151 MP: 18/18
 33527 | Spider:3 | Noticed Mara
 33571 | Spider:3 | Noticed KiliKikkendorf's illusion
 33580 | Spider:3 | Noticed KiliKikkendorf's illusion
 33587 | Spider:3 | Killed Mara
 34803 | Spider:4 | Entered Level 4 of the Spider Nest
 34828 | Spider:4 | Reached skill level 22 in Shields
 34831 | Spider:4 | Got a steaming cloak
 34832 | Spider:4 | Identified the cursed +0 cloak of the Cobbler {rElec rN+
                  | MR+} (You found it on level 4 of the Spider Nest)
 35081 | Spider:4 | Noticed Agnes
 35093 | Spider:4 | Killed Agnes
 36231 | Spider:4 | Reached XP level 18. HP: 160/161 MP: 19/19
 36273 | Spider:4 | Got a gossamer rune of Zot
 36854 | Slime:1  | Entered Level 1 of the Pits of Slime
 36960 | Slime:1  | Gained mutation: Your magical capacity is low. (-10% MP) [a
                  | shining eye]
 36961 | Slime:1  | Reached skill level 23 in Shields
 36966 | Slime:1  | Paralysed by a great orb of eyes for 4 turns
 37474 | Slime:2  | You fall into a shaft and drop 2 floors!
 37487 | Slime:4  | Gained mutation: You are dopey. (Int -2) [a shining eye]
 37521 | Slime:4  | Lost mutation: Your spells are a little harder to cast, but
                  | a little more powerful. [a shining eye]
 37542 | Slime:4  | Gained mutation: You occasionally shout uncontrollably at
                  | your foes. [a shining eye]
 37559 | Slime:1  | HP: 6/161 [acid blob/splash of acid (7)]
 37559 | Slime:1  | HP: 2/161 [acid (4)]
 37560 | Slime:1  | Slain by a slime creature

Levels and vault maps discovered:
D:1:      lightli_arrival_flooded_house, layout_rooms, minmay_misc_feat_hallway
D:2:      layout_basic, makhleb_heckhound_becter, first_ration,
          minmay_misc_feat_room
D:3:      layout_rooms, nicolae_overflow_hidden_temple,
          overflow_temple_1_default, lemuel_zombie_altar_yredelemnul,
          gup_sewer_entry_spiral
D:4:      layout_basic, elyvilon_altar_3, serial_shops, shop,
          nemelex_spade_bored_becter
D:5:      layout_basic, dancing_weapons_uskayaw, ashenzari_conservatory_becter,
          lightli_temple_of_fire, nicolae_dithmenos_through_a_glass_darkly,
          uniq_grinder, uniq_duvessa
D:6:      layout_gridville, lemuel_crystal_altar, old_standard_altar,
          minmay_temple_entry_mini_moons, lemuel_altar_in_water
D:7:      kennysheep_orc_sif_temple, layout_cave_pods, xom_shifter_show
D:8:      layout_loops_ring, uniq_joseph, uniq_maurice, uniq_psyche
D:9:      kennysheep_big_flooded_room, layout_basic, lemuel_doored_altar,
          kennysheep_mini, lair_entry_dummy
D:10:     layout_basic, hangedman_stone_soup
D:11:     layout_layer_cave, david_orc_3, hangedman_abyss_or_decor_passed,
          uniq_josephine
D:12:     layout_roguey, serial_co_window_serial, co_window_paths_a,
          co_window_corner_a, co_window_corner_a, co_window_paths_a,
          co_window_paths_b, co_window_unsneaky_path_b, co_window_broadway_a,
          co_window_cross_4, co_window_corner_cb, co_window_4corner_b,
          co_window_paths_e, lemuel_statue_altar
D:13:     minmay_isolated_rectangles_in_corner, layout_loops_ring,
          ximxim_vaults_locker_room
D:14:     layout_roguey, kennysheep_another_room
D:15:     gammafunk_depths_entry_grave, layout_basic, minmay_protected_statue,
          uniq_kirke, uniq_roxanne
Temple:   compressed_dpeg_triangle_lava_temple
Lair:1:   layout_loops_ring, serial_bayou_shore_b, grunt_megastairs_4
Lair:2:   layout_gridlike, minmay_shoals_entry_lonely_mermaid, uniq_sonja
Lair:3:   layout_loops_ring, spider_nest_entry_a, minmay_lair_oklob_bushes,
          serial_bayou_lagoon_a, beast_lair_carwin_2
Lair:4:   layout_concentric_octagons, chequers_serial_rivers_small_a
Lair:5:   layout_small_grid
Lair:6:   minmay_lair_end_enchanted_forest, layout_regular_city,
          minmay_slime_entry_jelly_boxes, nicolae_lair_yak_garden
Spider:1: layout_spider_delve
Spider:2: layout_spider_delve, uniq_arachne
Spider:3: layout_spider_delve, uniq_mara
Spider:4: guppyfry_spider_rune, uniq_agnes
Slime:1:  layout_caves
Slime:2:  layout_caves
Slime:3:  cheibrodos_slime_lost_civilization_2, layout_caves
Slime:4:  nicolae_slime_jelly_donut, layout_caves
Orc:1:    layout_caves, basic_altar, serial_shops, nicolae_shop_trees,
          uniq_jorgrun
Orc:2:    st_orc_mages, layout_caves, serial_shops, shop,
          gammafunk_ghost_abyssal_escape, uniq_azrael
Elf:1:    eino_elf_arrival_the_gate, layout_rooms,
          kennysheep_underground_church, hex_large, minmay_misc_feat_five,
          drop_trap, nicolae_elf_m_pinch
Depths:1: minmay_glassy_protrusions, layout_gridlike, enter_ziggurat_a,
          serial_shops, shop, hex_medium, grunt_hell_entry_demonic_statue,
          corner_web_ring, okawaru_ov_weapons_minmay, serial_bayou_shore_b

Skill      XL: |  1  2  3  4  5  6  7  8  9 10 11 12 13 14 15 16 17 18 |
---------------+-------------------------------------------------------+-----
Axes           | 3 4 5 6 7 9 11 12 14 15 16 17 18 | 18.7
Armour         | 4 5 7 8 9 10 11 | 11.0
Fighting       | 4 5 6 7 8 10 11 12 13 14 | 14.6
Shields        | 4 5 7 9 12 14 16 17 19 21 22 23 | 23.2
Dodging        | 1 |  1.9
Throwing       | 1 |  1.6
Maces & Flails | 1 3 4 |  4.8
Stealth        | 1 2 |  2.0
Evocations     | 1 |  1.8
Invocations    | |  0.7

Action                   |  1- 3 |  4- 6 |  7- 9 | 10-12 | 13-15 | 16-18 || total
-------------------------+-------+-------+-------+-------+-------+-------++-------
Melee: War axe           |    67 |   257 |   336 |   738 |  1229 |  1123 ||  3750
       Whip              |    16 |       |    19 |       |       |       ||    35
       Flail             |       |       |       |    55 |   270 |       ||   325
Throw: Boomerang         |     3 |     4 |    39 |    47 |    50 |    42 ||   185
Invok: Elemental Force   |       |       |       |       |       |     2 ||     2
 Abil: Evoke Flight      |       |       |       |       |       |     1 ||     1
Evoke: Wand              |       |       |     1 |     9 |    13 |     1 ||    24
       Box of beasts     |       |       |       |       |       |     1 ||     1
  Use: Scroll            |     4 |       |    10 |    11 |     7 |    12 ||    44
       Potion            |       |     5 |     2 |     2 |     6 |    13 ||    28
 Stab: Petrified         |       |       |       |       |     3 |       ||     3
       Petrifying        |       |       |       |       |     1 |       ||     1
  Eat: Chunk             |       |     5 |     5 |    26 |    32 |    30 ||    98
       Ration            |       |       |     4 |     1 |     1 |     1 ||     7
Armor: Scale mail        |    41 |    87 |    62 |    84 |   275 |       ||   549
       Plate armour      |       |       |    42 |   120 |    60 |   470 ||   692
       Acid dragon scale |       |       |       |       |       |   178 ||   178
Dodge: Dodged            |    26 |    94 |    64 |    93 |   152 |   275 ||   704
       Deflected         |       |       |       |       |     1 |     8 ||     9
Block: Kite shield       |    47 |   135 |   120 |       |       |       ||   302
       Tower shield      |       |       |    50 |   752 |  1550 |  2121 ||  4473

Table legend:
 A = Non-vault XP
 B = Vault XP
 C = Vault XP percentage of total XP
 D = Non-vault monster count
 E = Vault monster count
 F = Vault count percentage of total count
                 A         B        C        D         E       F
            +---------+---------+-------+---------+---------+-------
      Total |  174081 |   88137 |  33.6 |     771 |     271 |  26.0
            +---------+---------+-------+---------+---------+-------
        D:1 |      49 |       0 |   0.0 |      30 |       0 |   0.0
        D:2 |      68 |      42 |  38.2 |      29 |       1 |   3.3
        D:3 |      77 |      35 |  31.2 |      17 |      10 |  37.0
        D:4 |     496 |       0 |   0.0 |      23 |       0 |   0.0
        D:5 |     434 |     497 |  53.4 |      15 |       3 |  16.7
        D:6 |    1009 |       0 |   0.0 |      20 |       0 |   0.0
        D:7 |     263 |     219 |  45.4 |       5 |       3 |  37.5
        D:8 |    2210 |    1384 |  38.5 |      26 |       3 |  10.3
        D:9 |    1848 |     339 |  15.5 |      28 |       2 |   6.7
       D:10 |    1484 |    2195 |  59.7 |      17 |       8 |  32.0
       D:11 |    1328 |     215 |  13.9 |      20 |       5 |  20.0
       D:12 |    7533 |       0 |   0.0 |      35 |       0 |   0.0
       D:13 |    7576 |    7461 |  49.6 |      31 |      22 |  41.5
       D:14 |    9284 |    2211 |  19.2 |      25 |       3 |  10.7
       D:15 |   10345 |    5013 |  32.6 |      25 |       8 |  24.2
     Lair:1 |    4112 |     939 |  18.6 |      13 |       2 |  13.3
     Lair:2 |    1155 |     481 |  29.4 |       7 |       1 |  12.5
     Lair:3 |   10331 |     995 |   8.8 |      39 |       6 |  13.3
     Lair:4 |    5121 |       0 |   0.0 |      21 |       0 |   0.0
     Lair:5 |   10234 |       0 |   0.0 |      35 |       0 |   0.0
     Lair:6 |   16576 |   12408 |  42.8 |      39 |      68 |  63.6
   Spider:1 |   15813 |    3903 |  19.8 |      42 |       1 |   2.3
   Spider:2 |    5258 |       0 |   0.0 |      15 |       0 |   0.0
   Spider:3 |   12798 |   12147 |  48.7 |      44 |       5 |  10.2
   Spider:4 |   15299 |   24133 |  61.2 |      42 |      38 |  47.5
    Slime:1 |    9348 |       0 |   0.0 |      12 |       0 |   0.0
    Slime:2 |     974 |       0 |   0.0 |       4 |       0 |   0.0
    Slime:4 |    5089 |     383 |   7.0 |      12 |       9 |  42.9
      Orc:1 |    9782 |    8257 |  45.8 |      65 |      23 |  26.1
      Orc:2 |    3985 |    2268 |  36.3 |      28 |      18 |  39.1
      Elf:1 |    4202 |    2198 |  34.3 |       7 |       4 |  36.4
      Sewer |       0 |     414 | 100.0 |       0 |      28 | 100.0
            +---------+---------+-------+---------+---------+-------
